 Dungeon Crawl Stone Soup version 0.22.1-6-g1668fe2c40 (webtiles) character file.

35261 Gargoyl the Blocker (level 13, -4/157 HPs)
             Began as a Centaur Abyssal Knight on Jan 29, 2019.
             Was a High Priest of Lugonu.
             Slain by a white ugly thing (13 damage)
             ... in an ice cave.
             The game lasted 00:32:56 (22544 turns).

Gargoyl the Blocker (Centaur Abyssal Knight)       Turns: 22544, Time: 00:32:57

Health: -4/157     AC: 26    Str: 19    XL:     13   Next: 46%
Magic:  1/20       EV:  1    Int: 11    God:    Lugonu [*****.]
Gold:   969        SH: 18    Dex: 15    Spells: 12/12 levels left

rFire    . . .     SeeInvis .   G - +12 hand axe of Profit {flame, MR+ Dex+3}
rCold    . . .     Gourm    .   f - +1 large shield
rNeg     + + +     Faith    .   (armour currently unavailable)
rPois    +         Spirit   .   (helmet currently unavailable)
rElec    .         Reflect  .   (cloak currently unavailable)
rCorr    .         Harm     .   (gloves currently unavailable)
MR       +....     NoTele   +   (no barding)
Stlth    +.........             o - amulet of regeneration
HPRegen  0.76/turn              E - ring of positive energy
MPRegen  0.17/turn              B - ring of positive energy

@: tree-form, hasted, very quick
A: large, strong 1
a: Depart the Abyss, Bend Space, Banish, Corrupt, Enter the Abyss, Renounce
Religion


You were in an ice cave.
You worshipped Lugonu.
Lugonu was extremely pleased with you.
You were very hungry.
You were a tree.
You visited 2 branches of the dungeon, and saw 16 of its levels.
You visited the Abyss 1 time.
You also visited: Ice Cave and Volcano.

You collected 969 gold pieces.

Inventory:

Hand Weapons
 a - a +1 hand axe
 n - the +9 long sword of Sequestration {venom, rN+ Str+2}
   (You found it on level 11 of the Dungeon)

   It poisons the flesh of those it strikes.
   It affects your strength (+2).
   It protects you from negative energy.
 v - a +0 broad axe
 G - the +12 hand axe of Profit (weapon) {flame, MR+ Dex+3}
   (You found it on level 1 of the Lair of Beasts)

   It has been specially enchanted to burn those struck by it, causing extra
   injury to most foes and up to half again as much damage against particularly
   susceptible opponents.
   Big, fiery blades are also staple armaments of hydra-hunters.
   It affects your dexterity (+3).
   It affects your resistance to hostile enchantments.
Missiles
 m - 6 tomahawks (quivered)
Armour
 d - a scarf of spirit shield (melded)
 f - a +1 large shield (worn)
 u - a +2 hat of magic resistance (melded)
 y - a +3 leather armour of poison resistance (melded)
 F - a +0 shield of positive energy
 L - a +2 chain mail of fire resistance
Jewellery
 j - an uncursed ring of flight
 o - an amulet of regeneration (around neck)
 B - a ring of positive energy (right branch)
 E - a ring of positive energy (left branch)
 I - an uncursed ring of ice {unknown}
Wands
 g - a wand of disintegration (2)
 p - a wand of iceblast (9)
 s - a wand of paralysis (25)
 t - a wand of flame (60)
 A - a wand of scattershot (5)
 C - a wand of polymorph (23)
 K - a wand of clouds (6)
Scrolls
 b - 3 scrolls of teleportation
 e - 4 scrolls of magic mapping
 l - 5 scrolls of amnesia
 r - 2 scrolls of identify
 D - a scroll of fog
 H - 2 scrolls of remove curse
Potions
 h - 5 potions of flight
 i - a potion of mutation
 q - 5 potions of curing
 w - a potion of magic
 x - a potion of ambrosia
 z - 3 potions of haste
 M - a potion of experience {unknown}
 N - a potion of might
Comestibles
 c - 24 rations


   Skills:
 + Level 7.1 Fighting
 + Level 3.5 Long Blades
 + Level 9.3 Axes
 + Level 1.0 Throwing
 * Level 7.3 Armour
 + Level 5.0 Dodging
 * Level 10.5 Shields
 * Level 10.0 Invocations


You had 12 spell levels left.
You didn't know any spells.
Your spell library contained the following spells:

 Spells                   Type           Power        Failure   Level  Hunger
 Corona                   Hex            #......      67%         1    ##.....
 Summon Butterflies       Summ           #.......     67%         1    ##.....
 Slow                     Hex            #.......     80%         2    ###....
 Call Canine Familiar     Summ           #.......     95%         3    ####...
 Inner Flame              Hex/Fire       #.......     95%         3    ####...
 Portal Projectile        Hex/Tloc       #.....       95%         3    ####...
 Cause Fear               Hex            #.........   100%        4    #####..
 Leda's Liquefaction      Hex/Erth       #.........   100%        4    #####..
 Summon Ice Beast         Ice/Summ       #.......     100%        4    #####..
 Summon Mana Viper        Hex/Summ       #.......     100%        5    ######.
 Summon Hydra             Summ           #.........   100%        7    #######


Dungeon Overview and Level Annotations

Branches:
Dungeon (11/15)            Temple (0/1) D:7            Lair (5/6) D:8
  Swamp (0/4) Lair:4        Snake (0/4) Lair:2
  Slime: Lair:5-6       Orc: D:9-12

Altars:
Sif Muna

Annotations:
Lair:2 exclusion: oklob plant IceCv exclusion: ice statue


Innate Abilities, Weirdness & Mutations

((You have hooves in place of feet.))
((Armour fits poorly on your strangely shaped body.))
((You cover ground very quickly.))
((You have extremely tough skin. (AC +3)))
((You are partially covered in large bone plates. (SH +4)))
Your muscles are strong. (Str +2)


Message History

The ice statue glitters chillingly in the dim dungeon light.
The ice beast hits you but does no damage.
You block the white ugly thing's attack.
Unknown command.
You slash the ice beast!
You melt the ice beast.
The ice beast is heavily wounded.
You slash the white ugly thing! You burn the white ugly thing.
You slash the ice beast!
You melt the ice beast.
The ice beast hits you but does no damage.
You block the ice beast's attack. The white ugly thing engulfs you!
* * * LOW HITPOINT WARNING * * *
The white ugly thing freezes you!!
* * * LOW HITPOINT WARNING * * *
You feel yourself speed up. You block the ice beast's attack.
The ice statue glitters chillingly in the dim dungeon light.
The ice beast hits you but does no damage.
The white ugly thing engulfs you!
* * * LOW HITPOINT WARNING * * *
The white ugly thing freezes you!
You die...

####### ########
#♣Y$..## ##.....#[
#Yu....###......#.
#.......#..§....#.
#.......#§§.....#.
#:......8.§.......
#.......#§§.....#.
#.......#.§.....#.
#(.....###......#(
#"[$..## ##.....#.


You could see an ice statue, a white ugly thing and 2 ice beasts.

Vanquished Creatures
  Gastronok (D:9)
  Harold (D:7)
  4 hydras
  Erica (D:9)
  A dancing weapon (Volcano)
  A tengu warrior (D:9)
  Sonja (Lair:1)
  5 wizards (Volcano)
  An ugly thing (IceCv)
  A black mamba (Lair:3)
  5 toenail golems (Volcano)
  Psyche (D:10)
  2 spiny frogs
  2 ice statues (IceCv)
  2 rime drakes
  3 komodo dragons
  2 trolls
  A tengu conjurer (D:9)
  A hornet (D:8)
  10 blink frogs
  Grinder (D:4)
  3 bog bodies (Lair:4)
  7 hippogriffs
  6 dream sheep (Lair:4)
  Sigmund (D:3)
  14 yaks
  Grum (D:9)
  A human (D:9)
  2 basilisks
  4 hogs (D:9)
  2 hungry ghosts
  Menkaure (D:7)
  2 swamp worms (Lair:4)
  2 nagas (Lair:2)
  2 hell hounds (Lair:5)
  6 water moccasins
  A black bear (D:8)
  11 porcupines
  6 ice beasts (IceCv)
  3 orc warriors
  2 sky beasts (D:8)
  21 wolves
  A hornet zombie (D:7)
  2 phantoms
  8 ogres
  7 centaurs
  6 crocodiles
  9 bullfrogs
  4 scorpions
  5 killer bees
  3 wights
  3 howler monkeys
  An electric eel (Lair:4)
  2 crimson imps
  A quasit (D:10)
  A hound (D:10)
  2 jellies (D:6)
  3 orc priests
  A bullfrog skeleton (D:8)
  A gnoll shaman (D:7)
  3 centaur skeletons
  Jessica (D:2)
  5 orc wizards
  3 iguanas
  7 worker ants
  A hound skeleton (D:6)
  2 worker ant zombies (D:8)
  9 gnolls
  8 adders
  12 white imps (Lair:5)
  3 oozes
  An adder zombie (D:5)
  4 worms
  4 dart slugs
  5 leopard geckos
  18 orcs
  2 ball pythons
  11 bats
  3 giant cockroaches
  6 goblins
  7 hobgoblins
  13 jackals
  A quokka (D:6)
  3 frilled lizards
  A jackal zombie (D:5)
  5 kobolds
  A leopard gecko zombie (D:5)
  8 rats
  4 fungi
  2 plants
358 creatures vanquished.

Vanquished Creatures (others)
  2 hydras
  A two-headed ogre (D:10)
  An ugly thing (D:8)
  2 killer bees
  A bush (D:7)
  17 fungi
  5 plants
29 creatures vanquished.

Grand Total: 387 creatures vanquished

Notes
Turn   | Place    | Note
-------+----------+-------------------------------------------
     0 | Abyss:1  | Gargoyl the Centaur Abyssal Knight began the quest for the
                  | Orb.
     0 | Abyss:1  | Reached XP level 1. HP: 19/19 MP: 2/2
   126 | Abyss:1  | Found a corrupted altar of Lugonu.
   224 | Abyss:1  | Noticed a starcursed mass
   267 | Abyss:1  | Noticed a wraith
   301 | Abyss:1  | Noticed a raiju
   302 | D:1      | Escaped the Abyss
   679 | D:1      | Reached XP level 2. HP: 25/26 MP: 3/3
   834 | D:1      | Reached * piety under Lugonu
  1034 | D:1      | Reached skill level 1 in Shields
  1268 | D:2      | Reached XP level 3. HP: 11/31 MP: 1/4
  1488 | D:2      | Noticed Jessica
  1496 | D:2      | Killed Jessica
  1496 | D:2      | Reached XP level 4. HP: 25/38 MP: 3/5
  2345 | D:3      | Reached ** piety under Lugonu
  2350 | D:3      | Noticed Sigmund
  2438 | D:3      | Killed Sigmund
  2438 | D:3      | Reached XP level 5. HP: 40/45 MP: 7/7
  2735 | D:3      | Reached XP level 6. HP: 49/51 MP: 8/8
  3714 | D:4      | Reached skill level 1 in Dodging
  3906 | D:4      | Noticed Grinder
  3911 | D:4      | Paralysed by Grinder for 4 turns
  3926 | D:4      | Paralysed by Grinder for 2 turns
  3933 | D:4      | Gained mutation: You do not regenerate when monsters are
                  | visible. [potion of mutation]
  3933 | D:4      | Gained mutation: You are partially covered in large bone
                  | plates. (SH +4) [potion of mutation]
  3952 | D:4      | Killed Grinder
  3952 | D:4      | Reached XP level 7. HP: 30/58 MP: 9/9
  4745 | D:5      | Entered Level 5 of the Dungeon
  5350 | D:5      | Found a deep blue altar of Sif Muna.
  6465 | D:5      | Reached XP level 8. HP: 11/66 MP: 11/11
  7751 | D:6      | Reached *** piety under Lugonu
  8562 | D:6      | Reached skill level 5 in Invocations
  9047 | D:7      | Reached skill level 5 in Axes
  9461 | D:7      | Reached XP level 9. HP: 69/72 MP: 12/12
  9538 | D:7      | Found a staircase to the Ecumenical Temple.
  9556 | D:7      | Noticed Harold
  9837 | D:7      | Killed Harold
  9837 | D:7      | Reached skill level 5 in Shields
 10689 | D:7      | Noticed Menkaure
 10698 | D:7      | Killed Menkaure
 10698 | D:7      | Reached skill level 5 in Armour
 10766 | D:7      | Lost mutation: You do not regenerate when monsters are
                  | visible. [potion of mutation]
 10766 | D:7      | Gained mutation: Your muscles are strong. (Str +2) [potion
                  | of mutation]
 11178 | D:8      | Reached XP level 10. HP: 80/80 MP: 14/14
 11206 | D:8      | Reached skill level 5 in Fighting
 11505 | D:7      | HP: 6/121 [disintegration (18)]
 12436 | D:8      | Noticed a red ugly thing
 12796 | D:8      | Banished a red ugly thing
 13022 | D:8      | Found a staircase to the Lair.
 13178 | D:9      | Noticed a tengu warrior
 13204 | D:9      | Killed a tengu warrior
 13520 | D:9      | Noticed Gastronok
 13521 | D:9      | Noticed Erica
 13545 | D:9      | Noticed Grum
 14114 | D:9      | Killed Gastronok
 14114 | D:9      | Reached XP level 11. HP: 51/88 MP: 11/16
 14417 | D:10     | Entered Level 10 of the Dungeon
 14422 | D:10     | Noticed a seven-headed hydra
 14612 | D:10     | Noticed a two-headed ogre
 14618 | D:10     | Banished a two-headed ogre
 14990 | D:10     | Noticed Psyche
 14997 | D:10     | Killed Psyche
 15247 | D:11     | Noticed an eight-headed hydra
 15264 | D:11     | Banished an eight-headed hydra
 15282 | D:11     | Got a polished long sword
 15283 | D:11     | Identified the +9 long sword of Sequestration {venom, rN+
                  | Str+2} (You found it on level 11 of the Dungeon)
 15685 | D:11     | Noticed a five-headed hydra
 15829 | D:10     | Banished a seven-headed hydra
 15829 | D:10     | Reached skill level 1 in Long Blades
 16447 | D:9      | Killed Grum
 16809 | D:9      | Killed Erica
 17137 | Lair:1   | Entered Level 1 of the Lair of Beasts
 17142 | Lair:1   | Got a bone hand axe
 17148 | Lair:1   | Identified the +12 hand axe of Profit {flame, MR+ Dex+3}
                  | (You found it on level 1 of the Lair of Beasts)
 17293 | Lair:1   | Noticed an eight-headed hydra
 17301 | Lair:1   | Killed a four-headed hydra
 17301 | Lair:1   | Reached **** piety under Lugonu
 17504 | Lair:1   | Noticed Sonja
 17517 | Lair:1   | Killed Sonja
 17517 | Lair:1   | Reached XP level 12. HP: 76/96 MP: 18/18
 18095 | Lair:1   | You fall through a shaft!
 18140 | Lair:2   | Found a staircase to the Snake Pit.
 18511 | Lair:2   | Noticed a seven-headed hydra
 18519 | Lair:2   | Killed a four-headed hydra
 20010 | Lair:3   | Noticed a six-headed hydra
 20017 | Lair:3   | Killed a three-headed hydra
 20862 | Lair:4   | Reached skill level 1 in Throwing
 20932 | Lair:4   | Reached skill level 10 in Shields
 21493 | Lair:4   | Found a staircase to the Swamp.
 21502 | Lair:4   | Reached XP level 13. HP: 82/104 MP: 15/20
 21645 | Lair:5   | Reached ***** piety under Lugonu
 21646 | Lair:5   | Found a dark tunnel.
 21673 | Volcano  | Entered a volcano
 22033 | Volcano  | Reached skill level 5 in Dodging
 22158 | Lair:5   | Reached skill level 10 in Invocations
 22173 | Lair:5   | Found a frozen archway.
 22229 | IceCv    | Entered an ice cave
 22544 | IceCv    | Slain by a white ugly thing

Skill      XL: |  1  2  3  4  5  6  7  8  9 10 11 12 13 |
---------------+----------------------------------------+-----
Shields        | 1 2 3 4 6 7 8 10 | 10.5
Armour         | 2 3 4 5 6 7 |  7.3
Axes           | 2 3 4 5 6 7 8 9 |  9.3
Invocations    | 3 4 5 6 7 8 9 10 | 10.0
Dodging        | 1 2 3 4 5 |  5.0
Fighting       | 4 5 6 7 |  7.1
Long Blades    | 3 |  3.5
Throwing       | 1 |  1.0

Action                   |  1- 3 |  4- 6 |  7- 9 | 10-12 | 13-15 || total
-------------------------+-------+-------+-------+-------+-------++-------
Melee: Hand axe          |    86 |   186 |   307 |   249 |   170 ||   998
       Kick              |    13 |    36 |   120 |   182 |    51 ||   402
       Broad axe         |       |       |   188 |   325 |       ||   513
       Long sword        |       |       |       |   102 |       ||   102
Throw: Tomahawk          |       |       |     2 |    11 |     3 ||    16
Invok: Depart the Abyss  |     1 |       |       |       |       ||     1
       Bend Space        |       |       |     1 |     2 |     1 ||     4
       Banish            |       |       |       |     9 |       ||     9
  Use: Scroll            |     4 |     5 |     8 |    13 |     1 ||    31
       Potion            |       |     8 |     6 |     8 |     3 ||    25
 Stab: Sleeping          |       |       |     1 |     1 |       ||     2
  Eat: Chunk             |     1 |     7 |    13 |    15 |     3 ||    39
       Ration            |       |       |     4 |     5 |       ||     9
Armor: Leather armour    |    33 |     9 |     4 |   188 |    27 ||   261
       Ring mail         |       |    87 |    90 |       |       ||   177
       Skin              |       |       |    10 |     2 |     4 ||    16
Dodge: Dodged            |    18 |    43 |    50 |   180 |    33 ||   324
Block: Large shield      |    58 |   108 |   404 |   892 |   139 ||  1601
       Rpst.: Long sword |       |       |       |     5 |       ||     5
